 Dungeon Crawl Stone Soup version 0.30-a0-1053-gbd8d5ba0ad (webtiles) character file.

Game seed: 15847760059509489242

13972 cforsyth the Summoner (level 12, -19/66 HPs)
             Began as an Octopode Summoner on Apr 12, 2023.
             Was an Initiate of Gozag.
             Killed by an exploding themself (39 damage)
             ... ignited by their inner flame
             ... in a Gauntlet.
             The game lasted 00:31:52 (14622 turns).

cforsyth the Summoner (Octopode Summoner)          Turns: 14622, Time: 00:31:53

Health: -19/66     AC:  3    Str:  8    XL:     12   Next: 11%
Magic:  19/28      EV: 28    Int: 22    God:    Gozag
Gold:   1517       SH:  0    Dex: 18    Spells: 22/35 levels left

rFire   . . .      SeeInvis .    (no weapon)
rCold   . . .      Faith    .    (no shield)
rNeg    + . .      Spirit   .    g - +2 hat {Will+}
rPois   .          Reflect  .    e - amulet of the acrobat
rElec   .          Rampage  .    h - ring of willpower
rCorr   .          NoTele   +    p - ring of positive energy
Will    ++...                    N - +6 ring of dexterity
Stlth   +++                      (no ring)
HPRegen 0.31/turn                (no ring)
MPRegen 0.21/turn                (no ring)
                                 (no ring)
                                 (no ring)

@: acrobatic
A: almost no armour, amphibious, 8 rings, camouflage 1, gelatinous body 1,
(nimble swimmer 1), tentacles
a: Renounce Religion, Potion Petition, Call Merchant, Bribe Branch


You were in a Gauntlet.
You worshipped Gozag.
Gozag was most pleased with you.
You visited 2 branches of the dungeon, and saw 12 of its levels.
You also visited: Gauntlet.

You collected 1630 gold pieces.
You paid 113 gold pieces to Gozag.

Inventory:

Missiles
 n - a throwing net
Armour
 g - a +2 hat of willpower (worn)
Jewellery
 e - an amulet of the acrobat (around mantle)
 h - a ring of willpower (left tentacle)
 p - a ring of positive energy (right tentacle)
 J - an amulet of regeneration
 N - a +6 ring of dexterity (on tentacle)
Wands
 A - a wand of quicksilver (26)
 G - a wand of iceblast (9)
 L - a wand of mindburst (5)
Scrolls
 c - 2 scrolls of teleportation
 d - 2 scrolls of immolation
 j - a scroll of silence
 M - a scroll of amnesia {unknown}
 O - a scroll of poison {unknown}
Potions
 a - 2 potions of magic
 b - 3 potions of berserk rage
 f - a potion of ambrosia
 i - 5 potions of mutation
 m - 4 potions of curing
 s - 2 potions of flight
 t - 3 potions of lignification
 u - a potion of might
 v - 5 potions of heal wounds
 x - a potion of brilliance {unknown}
 z - 2 potions of attraction
 F - a potion of cancellation {unknown}
 H - a potion of invisibility {unknown}
 K - 3 potions of haste


   Skills:
 - Level 2.0 Dodging
 - Level 2.6 Stealth
 + Level 12.2 Spellcasting
 - Level 3.0 Hexes
 + Level 13.6 Summonings
 - Level 4.0 Air Magic


You had 22 spell levels left.
You knew the following spells:

 Your Spells              Type           Power      Damage    Failure   Level
a - Summon Small Mammal   Summ           100%       N/A       1%          1
b - Call Imp              Summ           100%       N/A       1%          2
c - Call Canine Familiar  Summ           65%        N/A       1%          3
d - Summon Guardian Gole  Hex/Summ       50%        N/A       1%          3
e - Summon Lightning Spi  Summ/Air       51%        N/A       1%          4

Your spell library contained the following spells:

 Spells                   Type           Power      Damage    Failure   Level
 Static Discharge         Conj/Air       44%        2-4/arc   3%          2
 Apportation              Tloc           26%        N/A       4%          1
 Kiss of Death            Conj/Necr      52%        2d9       4%          1
 Confusing Touch          Hex            26%        N/A       4%          3
 Portal Projectile        Hex/Tloc       40%        N/A       8%          3
 Airstrike                Air            15%        2d(3-19)  10%         4
 Leda's Liquefaction      Hex/Erth       10%        N/A       26%         4
 Dispel Undead            Necr           13%        3d9       43%         4
 Alistair's Intoxication  Tmut/Pois      8%         N/A       80%         5
 Lee's Rapid Deconstruct  Erth           6%         3d6*      80%         5
 Statue Form              Tmut/Erth      8%         N/A       100%        6


Dungeon Overview and Level Annotations

Branches:
Dungeon (11/15)            Temple (1/1) D:6            Lair (0/5) D:10
    Orc (0/2) D:9         Gauntlet (1/1)

Altars:
Ashenzari
Cheibriados
Dithmenos
Elyvilon
Fedhas
Gozag
Hepliaklqana
Kikubaaqudgha
Makhleb
Nemelex Xobeh
Okawaru
Qazlal
Ru
Sif Muna
Trog
Uskayaw
Vehumet
Wu Jian
Xom
Yredelemnul
Zin
The Shining One

Shops:
D:3 [::?   D:9 *[(

Annotations:
D:8 3 runed translucent doors, Darkkill's ghost, novice MiHu Gauntlet 11 transporters


Innate Abilities, Weirdness & Mutations

You cannot wear most types of armour.
You are amphibious.
You can wear up to eight rings at the same time.
Your skin changes colour to match your surroundings (Stealth+).
Your rubbery body absorbs attacks. (AC +1, EV +1)
((You are camouflaged when in or above water. (Stealth+)))
You have tentacles for arms and can constrict up to eight enemies at once.


Message History

Confirm with . or Enter, or press ? or * to list all spells.
A guardian golem appears, shielding your allies.
Casting: Summon Guardian Golem (safe; 1% risk of failure)
Confirm with . or Enter, or press ? or * to list all spells.
A tiny devil pulls itself out of the air.
Casting: Call Imp (safe; 1% risk of failure)
Confirm with . or Enter, or press ? or * to list all spells.
Casting: Summon Small Mammal (safe; 1% risk of failure)
Confirm with . or Enter, or press ? or * to list all spells.
You enter the transporter and appear at another place.
Your bat barely misses the efreet.
Your warg bites the efreet.
The efreet hits you with a +0 scimitar of flaming!
The efreet burns you.
You swap places.
Your warg bites the efreet but does no damage.
Your bat hits the efreet but does no damage.
Your warg bites the efreet.
The efreet gestures at you.
The fireball explodes!
The fireball engulfs your guardian golem!
Your guardian golem resists.
The fireball engulfs your cerulean imp! The fireball engulfs your quokka!!
Your quokka dies!
Your quokka's corpse disappears in a puff of smoke!
The fireball engulfs your warg!! The fireball engulfs you!!
The fireball engulfs the efreet.
The efreet completely resists.
Your bat hits the efreet but does no damage.
Your warg bites the efreet!
Your bat hits the efreet but does no damage.
Your guardian golem overheats!
The efreet hits your guardian golem with a +0 scimitar of flaming!
Your guardian golem disappears in a puff of smoke!
Your guardian golem explodes!
The fiery explosion engulfs your cerulean imp!!!
Your cerulean imp dies!
Your cerulean imp disappears in a puff of smoke!
The fiery explosion engulfs you!!!
Ouch! That really hurt!
You die...
Your body crumbles into a pile of gold.

≈..#############################.
##...#.©.........©.........©.#...
#≈...#...........©...........#...
###..#########################..#
#≈.........#...=©=?..#......§..≈
###........#.........#..§§§§§.##
#≈#≈#≈#..#.#######.#..#§#§#≈#
#######..#.#.#§#.#.#..#######
#≈..#...@§hb..#..≈#
#######..##.#§#R#.##..#######
#≈#≈#§#..#.#######.#..#≈#≈#§#
###........#..hEE....#........##
#§.........#...○.○...#.........≈
###..#########################..#
#≈...#...........§...........#...
##...#.©.........©.........©.#...
≈..#############################.


You could see an efreet (ally target), 2 fire elementals, a hell hound, a
friendly warg (summoned, sheltered) and a friendly bat (summoned, sheltered).

Vanquished Creatures
  A scorpion (D:3)
  3 adders (D:5)
  A dart slug (D:1)
  An orc (D:6)
  2 ball pythons (D:1)
  3 endoplasms
  5 goblins
  2 hobgoblins
  3 kobolds
  A quokka (D:1)
  2 rats (D:1)
24 creatures vanquished.

Vanquished Creatures (collateral kills)
  A two-headed ogre (D:11)
  A skeletal warrior (D:10)
  An ugly thing (D:9)
  A cyclops (D:11)
  An elephant (D:10)
  A rust devil (D:10)
  A slime creature (D:10)
  A smoke demon (D:10)
  An ice devil (D:10)
  Grinder (D:4)
  A basilisk (D:10)
  A ynoxinul (D:10)
  5 yaks (D:10)
  A neqoxec (Gauntlet)
  3 chaos spawn
  Duvessa (D:6)
  3 orc warriors
  3 water moccasins
  A sky beast (D:6)
  3 ice beasts
  3 black bears
  3 centaurs
  An ogre (D:4)
  3 kobold brigands
  2 phantoms (D:5)
  3 bullfrogs
  A scorpion (D:6)
  11 wights
  6 killer bees
  5 howler monkeys
  4 quasits (D:10)
  3 hounds
  A jelly (D:7)
  A gnoll bouda (D:8)
  10 orc priests
  An iguana (D:6)
  A sleepcap (D:8)
  7 orc wizards
  10 adders
  13 gnolls
  A shadow imp (D:6)
  4 white imps
  An ufetubus (D:6)
  3 worms
  32 orcs
  6 ball pythons
  3 bats
  6 endoplasms
  3 giant cockroaches
  12 goblins
  7 hobgoblins
  3 jackals (D:5)
  18 kobolds
  2 quokkas (D:3)
  4 frilled lizards
  3 rats
229 creatures vanquished.

Vanquished Creatures (others)
  A sixfirhy (D:10)
  2 skeletal warriors (D:10)
  An ice devil (D:10)
  A troll (D:9)
  Sigmund (D:4)
  A slime creature (D:10)
  A vampire (D:9)
  6 yaks (D:10)
  A wyvern (D:10)
  A chaos spawn (D:10)
  A bullfrog (D:9)
  Dowan (D:6)
  8 killer bees
  A jelly (D:6)
  A quasit (D:10)
  Crazy Yiuf (D:3)
  A hound (D:6)
  2 orc wizards
  An iguana (D:6)
  A gnoll (D:8)
  An orc (D:8)
  A kobold (D:8)
  A demonic plant (D:10)
  A fungus (D:3)
  8 plants
46 creatures vanquished.

Grand Total: 299 creatures vanquished

Notes
Turn   | Place    | Note
-------+----------+-------------------------------------------
     0 | D:1      | cforsyth the Octopode Summoner began the quest for the Orb.
     0 | D:1      | Reached XP level 1. HP: 11/11 MP: 3/3
   198 | D:1      | Reached XP level 2. HP: 10/17 MP: 1/5
  1111 | D:2      | Reached XP level 3. HP: 14/21 MP: 4/7
  1245 | D:2      | Learned a level 2 spell: Call Imp
  1249 | D:2      | Learned a level 3 spell: Call Canine Familiar
  2281 | D:3      | Reached XP level 4. HP: 27/27 MP: 1/8
  2438 | D:3      | Reached skill level 5 in Summonings
  2521 | D:3      | Reached XP level 5. HP: 14/31 MP: 3/10
  2944 | D:3      | Found Zija Cuhe's Magic Scroll Shoppe.
  3195 | D:3      | Found Idoxe's Antique Armour Shoppe.
  3200 | D:3      | Learned a level 3 spell: Summon Guardian Golem
  3241 | D:3      | Found a runed translucent door.
  3242 | D:3      | Noticed Crazy Yiuf
  3337 | D:3      | Reached XP level 6. HP: 36/36 MP: 7/12
  3436 | D:3      | Learned a level 4 spell: Summon Lightning Spire
  3475 | D:3      | Found Ynystoll's Book Emporium.
  3513 | D:3      | Found Othrel Oda's Book Emporium.
  3755 | D:3      | Killed Crazy Yiuf
  3991 | D:4      | Noticed Sigmund
  4012 | D:4      | Killed Sigmund
  4013 | D:4      | Reached skill level 1 in Hexes
  4013 | D:4      | Reached skill level 6 in Summonings
  4013 | D:4      | Reached skill level 1 in Air Magic
  4013 | D:4      | Reached XP level 7. HP: 41/41 MP: 11/13
  4275 | D:4      | Noticed Grinder
  4300 | D:4      | Killed Grinder
  4500 | D:4      | Reached skill level 5 in Spellcasting
  4888 | D:4      | Reached XP level 8. HP: 46/46 MP: 7/15
  5165 | D:5      | Entered Level 5 of the Dungeon
  5688 | D:5      | Reached skill level 7 in Summonings
  6302 | D:6      | Found a shimmering altar of Xom.
  6349 | D:6      | Reached skill level 8 in Summonings
  6355 | D:6      | Reached XP level 9. HP: 33/51 MP: 2/18
  6634 | D:6      | Found a glowing golden altar of the Shining One.
  6835 | D:6      | Found a radiant altar of Vehumet.
  7053 | D:6      | Noticed Duvessa
  7056 | D:6      | Found a staircase to the Ecumenical Temple.
  7056 | D:6      | Noticed Dowan
  7063 | D:6      | Killed Duvessa
  7063 | D:6      | Killed Dowan
  7225 | Temple   | Entered the Ecumenical Temple
  7320 | Temple   | Became a worshipper of Gozag Ym Sagoz the Greedy
  7709 | D:7      | Reached skill level 9 in Summonings
  8901 | D:7      | Reached XP level 10. HP: 56/56 MP: 20/22
  9177 | D:8      | Found an ornate altar of the Wu Jian Council.
  9205 | D:8      | Reached skill level 10 in Summonings
  9560 | D:8      | Found an iron altar of Okawaru.
  9653 | D:8      | Found a blossoming altar of Fedhas.
  9933 | D:8      | Found a runed translucent gate.
  9933 | D:8      | Noticed Darkkill's ghost (novice MiHu)
  9935 | D:8      | Found a runed translucent gate.
  9936 | D:8      | Found a runed translucent gate.
 10596 | D:9      | Found Gemyssim's Weapon Shoppe.
 10596 | D:9      | Found a staircase to the Orcish Mines.
 10596 | D:9      | Found Zuush's Armour Shoppe.
 10726 | D:9      | Noticed a red ugly thing
 10928 | D:9      | Killed a red ugly thing
 10929 | D:9      | Reached skill level 11 in Summonings
 12109 | D:9      | Found Furotex's Elemental Accessories.
 12284 | D:10     | Entered Level 10 of the Dungeon
 12284 | D:10     | Noticed a skeletal warrior
 12290 | D:10     | Noticed a skeletal warrior
 12290 | D:10     | Noticed a skeletal warrior
 12293 | D:10     | Killed a skeletal warrior
 12294 | D:10     | Reached skill level 10 in Spellcasting
 12296 | D:10     | Noticed a sixfirhy
 12300 | D:10     | Killed a skeletal warrior
 12300 | D:10     | Killed a sixfirhy
 12301 | D:10     | Reached skill level 12 in Summonings
 12301 | D:10     | Reached XP level 11. HP: 61/61 MP: 9/25
 12301 | D:10     | Killed a skeletal warrior
 13114 | D:10     | Reached skill level 13 in Summonings
 13205 | D:10     | Found a staircase to the Lair.
 14092 | D:11     | Identified a scroll of acquirement
 14092 | D:11     | Acquired a +1 hat of willpower
 14108 | D:11     | Noticed a cyclops
 14125 | D:11     | Killed a cyclops
 14126 | D:11     | Reached XP level 12. HP: 49/66 MP: 17/28
 14128 | D:11     | Noticed a two-headed ogre
 14146 | D:11     | Killed a two-headed ogre
 14178 | D:11     | Found a gate leading to a gauntlet.
 14184 | Gauntlet | Entered a Gauntlet
 14184 | Gauntlet | Found a transporter.
 14184 | Gauntlet | Found a transporter.
 14230 | Gauntlet | Found a transporter.
 14243 | Gauntlet | Found a transporter.
 14261 | Gauntlet | Found a transporter.
 14261 | Gauntlet | Found a transporter.
 14261 | Gauntlet | Found a transporter.
 14263 | Gauntlet | Found a transporter.
 14263 | Gauntlet | Found a transporter.
 14266 | Gauntlet | Noticed a hell hog
 14277 | Gauntlet | Found a transporter.
 14292 | Gauntlet | Found a transporter.
 14302 | Gauntlet | Found a transporter.
 14303 | Gauntlet | Noticed a quicksilver ooze
 14316 | Gauntlet | Found a transporter.
 14337 | Gauntlet | Found a transporter.
 14622 | Gauntlet | Killed by an exploding themself... ignited by their inner
                  | flame

Illustrated notes

Levels and vault maps discovered:
D:1:      wander_arrival_abandoned_jail, layout_loops_ring, grunt_decor_clamped,
          minmay_misc_feat_five
D:2:      layout_basic
D:3:      layout_basic, serial_shops, nicolae_shop_behind_doors, shop, shop,
          nicolae_shop_stone, minmay_goblin_outpost, uniq_crazy_yiuf_cottage
D:4:      minmay_recursive_quarters, layout_basic, minmay_door_square,
          uniq_grinder, uniq_sigmund
D:5:      layout_cave_pools, nicolae_half_adder
D:6:      layout_basic, mainiacjoe_overflow_catwalk, xom_confusion_cloud,
          mainiacjoe_overflow_boulevard, minmay_temple_entry_steel_oval,
          minmay_crystal_water, due_unseen_surprise, uniq_duvessa
D:7:      layout_basic
D:8:      layout_basic, nicolae_wu_jian_wuxing_cycle,
          mainiacjoe_overflow_big_doors, ebering_ghost_rock_garden, st_stairs_4,
          kennysheep_generic_room_6
D:9:      layout_basic, orc_david_3, nicolae_elemental_shop, minivault_19
D:10:     layout_layer_cave, david_lair_generic, serial_demonic,
          serial_demonic_a, serial_demonic_a, serial_demonic_b, serial_demonic_e
D:11:     slaughterhouse, layout_long_grid, gauntlet_entry_generic
Temple:   minmay_temple_bridge_d
Gauntlet: gammafunk_gauntlet_mixed_choke_point
          [minmay_gauntlet_arena_77_radiant_squares,
          minmay_gauntlet_arena_77_hold_the_fort,
          minmay_gauntlet_arena_77_braids, gammafunk_gauntlet_arena_teeth,
          minmay_gauntlet_arena_77_two_paths,
          minmay_gauntlet_arena_77_double_cross, minmay_gauntlet_arena_77_box,
          dreamdust_gauntlet_exit_labyrinth]

Skill      XL: |  1  2  3  4  5  6  7  8  9 10 11 |
---------------+----------------------------------+-----
Spellcasting   | 3 4 5 6 8 10 12 | 12.2
Summonings     | 5 6 8 9 12 13 | 13.6
Hexes          | 1 2 3 |  3.0
Air Magic      | 1 2 4 |  4.0
Dodging        | |  2.0
Stealth        | |  2.6

Action                     |  1- 3 |  4- 6 |  7- 9 | 10-12 || total
---------------------------+-------+-------+-------+-------++-------
  Melee: Unarmed           |    40 |    16 |    37 |     7 ||   100
         Constrict         |    15 |     5 |     8 |     2 ||    30
         Tentacles         |    13 |     2 |     7 |     2 ||    24
   Cast: Summon Small Mamm |    48 |    18 |    35 |    30 ||   131
         Call Canine Famil |     9 |    10 |    27 |    34 ||    80
         Call Imp          |     9 |     9 |    31 |    26 ||    75
         Summon Guardian G |       |     2 |    19 |    38 ||    59
         Summon Lightning  |       |       |    22 |    20 ||    42
    Use: Scroll            |       |       |       |    24 ||    24
   Stab: Sleeping          |     5 |       |     1 |       ||     6
         Distracted        |       |       |     1 |       ||     1
 Armour: Skin              |     2 |       |     4 |     1 ||     7
  Dodge: Dodged            |    23 |    27 |    65 |    35 ||   150

Table legend: (Time is in decaauts)
 A = Elapsed time spent in this place.
 B = Non-inter-level travel time spent in this place.
 C = Inter-level travel time spent in this place.
 D = Time resting spent in this place.
 E = Time spent auto-exploring this place.
 F = Levels seen in this place.
 G = Mean time per level.
                   A        B        C        D        E       F      G
               +--------+--------+--------+--------+--------+-----+--------+
         Total |  14625 |  14196 |    429 |    846 |  10631 |  13 | 1125.0 |
       Dungeon |  14020 |  13693 |    327 |    826 |  10399 |  11 | 1274.5 |
        Temple |    167 |     66 |    101 |      0 |     60 |   1 |  167.0 |
      Gauntlet |    437 |    437 |      0 |     20 |    172 |   1 |  437.0 |
               +--------+--------+--------+--------+--------+-----+--------+

Top non-repeatable levels by time:
     D:3: 1843 daAuts
     D:9: 1764 daAuts
    D:10: 1639 daAuts
     D:8: 1611 daAuts
     D:7: 1418 daAuts
     D:6: 1339 daAuts
     D:4: 1334 daAuts
     D:1: 1015 daAuts
     D:2: 997 daAuts
     D:5: 922 daAuts
Gauntlet: 437 daAuts
  Temple: 167 daAuts
    D:11: 133 daAuts
